 Dungeon Crawl Stone Soup version 0.31-a0-836-g3ceb0a68c4 (webtiles) character file.

Game seed: 6325788454925000667

92 javelincjr the Trooper (level 4, 0/37 HPs)
             Began as a Demonspawn Fighter on Sept 26, 2023.
             Was a Follower of Fedhas.
             Slain by a black bear (2 damage)
             ... on level 4 of the Dungeon.
             The game lasted 00:04:54 (2623 turns).

javelincjr the Trooper (Demonspawn Fighter)         Turns: 2623, Time: 00:04:54

Health: 0/37       AC:  6    Str: 18    XL:     4   Next: 35%
Magic:  4/4        EV:  9    Int:  9    God:    Fedhas [*.....]
Gold:   143        SH:  8    Dex: 13    Spells: 3/3 levels left

rFire   . . .        t - +2 dagger (freeze)
rCold   . . .        c - +0 buckler
rNeg    . . .        b - +0 scale mail
rPois   .            (no helmet)
rElec   .            (no cloak)
rCorr   .            (no gloves)
SInv    .            (no boots)
Will    .....        (no amulet) Stlth
                     (no ring)
HPRegen 0.26/turn    (no ring)
MPRegen 0.09/turn

%: no passive effects
@: no status effects
A: sturdy frame 1, condensation shield
a: Renounce Religion


You were on level 4 of the Dungeon.
You worshipped Fedhas.
Fedhas was aware of your devotion.
You visited 1 branch of the dungeon, and saw 4 of its levels.

You collected 143 gold pieces.

Inventory:

Hand Weapons
 a - a +0 trident
 p - a +2 dagger of venom
 t - a +2 dagger of freezing (weapon)
Missiles
 i - 6 poisoned darts
Armour
 b - a +0 scale mail (worn)
 c - a +0 buckler (worn)
 q - a +0 pair of gloves
Scrolls
 e - 2 scrolls of brand weapon {unknown}
 f - a scroll of amnesia {unknown}
 g - 5 scrolls of identify {unknown}
 h - a scroll of immolation {unknown}
 j - a scroll of teleportation {unknown}
 k - a scroll of enchant weapon {unknown}
 m - 2 scrolls of enchant armour {unknown}
 n - a scroll of fear {unknown}
Potions
 d - a potion of might
 l - a potion of lignification {unknown}
 o - a potion of curing {unknown}
 r - a potion of ambrosia {unknown}
 s - a potion of magic {unknown}


   Skills:
 + Level 3.7 Fighting
 + Level 2.5 Polearms
 + Level 3.3 Armour
 + Level 3.2 Shields


You had 3 spell levels left.
You didn't know any spells.
Your spell library contained the following spells:

 Spells                   Type           Power      Damage    Failure   Level
 Anguish                  Hex/Necr       0%         N/A       100%        4
 Cause Fear               Hex            0%         N/A       100%        4
 Enfeeble                 Hex            0%         N/A       100%        7


Dungeon Overview and Level Annotations

Branches:
Dungeon (4/15)
 Temple: D:4-7

Altars:
Fedhas


Innate Abilities, Weirdness & Mutations

Your movements are slightly less encumbered by armour. (ER -2)
A meltable shield of frost defends you. (SH +4)


Message History

The black bear bites you. The black bear barely misses you.
The black bear claws you but does no damage.
You barely miss the black bear.
The black bear is heavily wounded.
You block the black bear's attack. The black bear closely misses you.
You block the black bear's attack. The quokka bites you.
You closely miss the black bear.
The black bear is heavily wounded.
The quokka closely misses you. You block the black bear's attack.
The black bear barely misses you. The black bear completely misses you.
You completely miss the black bear.
The black bear is heavily wounded.
The quokka bites you. The black bear bites you.
You block the black bear's attack. The black bear claws you.
The quokka bites you but does no damage.
You hit the black bear but do no damage.
The black bear is heavily wounded.
You block the black bear's attack.
The black bear claws you but does no damage. x2
The quokka barely misses you.
You hit the black bear. You freeze the black bear.
The black bear is severely wounded.
The black bear bites you. You block the black bear's attack.
The black bear claws you. The quokka closely misses you.
You hit the black bear. You freeze the black bear.
The black bear is almost dead.
The quokka bites you.
* * * LOW HITPOINT WARNING * * *
The black bear goes berserk!
You completely miss the black bear.
The black bear is almost dead.
The black bear bites you.
* * * LOW HITPOINT WARNING * * *
The black bear completely misses you.
The black bear claws you but does no damage.
The quokka barely misses you. The black bear bites you.
* * * LOW HITPOINT WARNING * * *
The black bear claws you.
You die...
Fedhas appreciates your contribution to the ecosystem.

#.#####...
#.###.#.......
#.............
#####<..###...
#>..# #...##
#....# #..#h#
#..#@# #..#r#
...#.# #..##.#
#.. #.# #r.
..# ... ...


You could see a black bear (berserk) and a quokka.

Vanquished Creatures
  2 adders
  2 worms (D:3)
  2 dart slugs
  2 orcs (D:3)
  3 ball pythons
  4 endoplasms
  4 giant cockroaches
  7 goblins
  4 hobgoblins
  3 jackals (D:2)
  4 kobolds (D:2)
  A quokka (D:1)
  7 bats
  6 frilled lizards
  6 rats
57 creatures vanquished.

Notes
Turn   | Place    | Note
-------+----------+-------------------------------------------
     0 | D:1      | javelincjr the Demonspawn Fighter began the quest for the
                  | Orb.
     0 | D:1      | Reached XP level 1. HP: 18/18 MP: 1/1
    89 | D:1      | Gained mutation: Your movements are slightly less
                  | encumbered by armour. (ER -2) [demonic ancestry]
    89 | D:1      | Reached XP level 2. HP: 19/24 MP: 2/2
   973 | D:2      | Gained mutation: A meltable shield of frost defends you.
                  | (SH +4) [demonic ancestry]
   973 | D:2      | Reached XP level 3. HP: 29/29 MP: 3/3
  1857 | D:3      | Reached XP level 4. HP: 35/35 MP: 4/4
  1903 | D:3      | Found a faded altar of an unknown god.
  2065 | D:3      | Prayed at the altar of an unknown god.
  2065 | D:3      | Became a worshipper of Fedhas Madash
  2065 | D:3      | Reached * piety under Fedhas
  2598 | D:4      | Noticed a black bear
  2623 | D:4      | Slain by a black bear

Illustrated notes

Levels and vault maps discovered:
D:1:      amcnicky_arrival_abandoned_market, layout_basic,
          minmay_misc_feat_doors, minmay_box_of_dots
D:2:      layout_basic
D:3:      layout_loops_corners, ebering_ecumenical_altar_ruins
D:4:      layout_loops_ring

Skill      XL: |  1  2 |
---------------+-------+-----
Polearms       | 2 |  2.5
Armour         | 3 |  3.3
Shields        | 3 |  3.2
Fighting       | |  3.7

Action                     |  1- 3 |  4- 6 || total
---------------------------+-------+-------++-------
  Melee: Trident           |   152 |    13 ||   165
         Dagger            |       |    39 ||    39
 Armour: Scale mail        |    80 |    46 ||   126
  Dodge: Dodged            |    59 |    27 ||    86
  Block: Buckler           |    41 |    23 ||    64

Table legend: (Time is in decaauts)
 A = Elapsed time spent in this place.
 B = Non-inter-level travel time spent in this place.
 C = Inter-level travel time spent in this place.
 D = Time resting spent in this place.
 E = Time spent auto-exploring this place.
 F = Levels seen in this place.
 G = Mean time per level.
                   A        B        C        D        E       F      G
               +--------+--------+--------+--------+--------+-----+--------+
         Total |   2660 |   2533 |    127 |      0 |   2094 |   4 |  665.0 |
       Dungeon |   2660 |   2533 |    127 |      0 |   2094 |   4 |  665.0 |
               +--------+--------+--------+--------+--------+-----+--------+

Top non-repeatable levels by time:
     D:3: 1026 daAuts
     D:1: 914 daAuts
     D:2: 688 daAuts
     D:4: 31 daAuts
